 Dungeon Crawl Stone Soup version 0.18.1-48-g4cf74bf (webtiles) character file.

304 Krovax3 the Chiller (level 6, -8/41 HPs)
             Began as a Merfolk Ice Elementalist on July 26, 2016.
             Splashed by a jelly's acid (10 damage)
             ... on level 5 of the Dungeon.
             The game lasted 00:19:10 (3913 turns).

Krovax3 the Chiller (Merfolk Ice Elementalist)      Turns: 3913, Time: 00:19:10

Health: -8/41      AC: -8    Str: 13    XL:     6   Next: 38%
Magic:  0/12       EV: 13    Int: 19    God:
Gold:   217        SH:  0    Dex: 15    Spells: 2 memorised, 10 levels left

rFire  . . .     SeeInvis .     f - +3 dagger (venom)
rCold  . . .     Gourm    .     a - +0 robe
rNeg   . . .     Faith    .     (no shield)
rPois  .         Spirit   .     r - +2 hat
rElec  .         Dismiss  .     (no cloak)
rCorr  .         Reflect  .     (no gloves)
SustAt .         Harm     .     (no boots)
MR     .....                    (no amulet)
Stlth  ++........               (no ring)
                                l - +3 ring of intelligence

@: mighty, lethally poisoned (-8 -> -14), corroded, invisible, not resistant to
hostile enchantments, unstealthy
A: change form in water, swift swim
a: no special abilities


You were on level 5 of the Dungeon.
You were not hungry.

You visited 1 branch of the dungeon, and saw 5 of its levels.

You collected 217 gold pieces.

Inventory:

Hand Weapons
 e - a +0 hand axe
 f - a +3 dagger of venom (weapon)
 p - a +0 spear
 x - a +0 trident
Armour
 a - a +0 robe (worn)
 q - a +0 helmet
 r - a +2 hat (worn)
Jewellery
 l - a +3 ring of intelligence (left hand)
Wands
 s - a wand of random effects (9/48)
Scrolls
 d - 2 scrolls of fear
 i - 3 scrolls of teleportation
 n - a scroll of recharging {unknown}
Potions
 j - a potion of brilliance {unknown}
 m - a potion of agility
 o - 2 potions of haste
 t - a potion of might
Books
 b - a book of Frost

   Spells                             Type                      Level
   a - Freeze                         Ice                          1
   b - Throw Frost                    Conjuration/Ice              2
   c - Ozocubu's Armour               Charms/Ice                   3
   d - Throw Icicle                   Conjuration/Ice              4
   e - Summon Ice Beast               Ice/Summoning                4
Comestibles
 c - 4 bread rations
 g - a meat ration
 h - 2 chunks of flesh


   Skills:
 - Level 2.6 Dodging
 - Level 2.1 Stealth
 * Level 4.3 Spellcasting
 + Level 2.1 Conjurations
 + Level 5.2 Ice Magic


You had 10 spell levels left.
You knew the following spells:

 Your Spells              Type           Power        Failure   Level  Hunger
a - Freeze                Ice            ###.         1%          1    None
b - Throw Frost           Conj/Ice       ###...       6%          2    #......


Dungeon Overview and Level Annotations

Branches:
Dungeon (5/15)
 Temple: D:4-7

Altars:
Cheibriados
Makhleb
Qazlal
Sif Muna

Annotations:
D:4 Grinder


Message History

You kill the scorpion!
You feel sick. The jelly barely misses you.
You puncture the jelly! The acid corrodes you!
Your hands burn!
The jelly is moderately wounded.
You feel sick. The jelly hits you.
You are splashed with acid!
The acid corrodes you!
The acid burns!
* * * LOW HITPOINT WARNING * * *
You feel very mighty all of a sudden. The jelly barely misses you.
You hit the jelly.
Your hands burn!
* * * LOW HITPOINT WARNING * * *
The jelly is heavily wounded.
* * * LOW HITPOINT WARNING * * *
You feel sick. The jelly closely misses you.
It was a potion of invisibility.
You fade into invisibility!
The jelly hits you.
* * * LOW HITPOINT WARNING * * *
You are splashed with acid!
The acid corrodes you!
The acid burns!
You die...

.#.... .....
.#..### .....#
#....# ##
#....#
..$.#.)w.#
#.....@.#####
....#..J<....#
. #...#.##.#
#........#
.......#.#
....##.....
.#.? #....# ..
#...## ...


You could see a worm and a jelly.

Vanquished Creatures
  A centaur (D:5)
  A scorpion (D:5)
  A hound (D:3)
  Robin (D:2)
  4 adders (D:3)
  2 dart slugs
  4 orcs (D:3)
  A ball python (D:1)
  4 giant cockroaches
  15 goblins
  8 hobgoblins
  4 jackals (D:1)
  14 kobolds
  3 quokkas (D:3)
  9 bats
  2 giant newts
  15 rats
89 creatures vanquished.

Notes
Turn   | Place    | Note
--------------------------------------------------------------
     0 | D:1      | Krovax3 the Merfolk Ice Elementalist began the quest for the Orb.
     0 | D:1      | Reached XP level 1. HP: 13/13 MP: 3/3
   167 | D:1      | Reached XP level 2. HP: 11/19 MP: 0/5
   562 | D:1      | Learned a level 2 spell: Throw Frost
   946 | D:1      | Reached XP level 3. HP: 24/24 MP: 7/7
  1439 | D:2      | Reached skill level 4 in Ice Magic
  1440 | D:2      | Noticed Robin
  1883 | D:2      | Killed Robin
  1883 | D:2      | Reached skill level 1 in Conjurations
  1883 | D:2      | Reached XP level 4. HP: 24/30 MP: 0/8
  1955 | D:2      | Found a snail-covered altar of Cheibriados.
  2479 | D:3      | Found a burning altar of Makhleb.
  2639 | D:3      | Found a deep blue altar of Sif Muna.
  2648 | D:3      | Reached XP level 5. HP: 35/35 MP: 10/10
  2696 | D:3      | Found a stormy altar of Qazlal.
  3891 | D:4      | Noticed Grinder
  3898 | D:5      | Entered Level 5 of the Dungeon
  3898 | D:5      | Noticed a centaur
  3905 | D:5      | Killed a centaur
  3905 | D:5      | Reached skill level 5 in Ice Magic
  3905 | D:5      | Reached XP level 6. HP: 36/41 MP: 3/12
  3912 | D:5      | HP: 2/41 [poisoned by a scorpion]
  3913 | D:5      | Splashed by a jelly's acid

Skill      XL: |  1  2  3  4  5 |
---------------+----------------+-----
Ice Magic      | 4 5 |  5.2
Spellcasting   | 3 4 |  4.3
Conjurations   | 1 2 |  2.1
Dodging        | |  2.6
Stealth        | |  2.1

Action                   |  1- 3 |  4- 6 || total
-------------------------+-------+-------++-------
Melee: Hand axe          |     9 |       ||     9
       Unarmed           |     6 |       ||     6
       Dagger            |    74 |    97 ||   171
 Cast: Freeze            |    12 |    11 ||    23
       Throw Frost       |    10 |     2 ||    12
  Use: Scroll            |       |     7 ||     7
       Potion            |       |     2 ||     2
 Stab: Sleeping          |     4 |    10 ||    14
  Eat: Chunk             |     4 |     6 ||    10
Armor: Robe              |    17 |    17 ||    34
Dodge: Dodged            |    65 |    59 ||   124
